 Dungeon Crawl Stone Soup version 0.18.1-6-gd335043 (webtiles) character file.

32133 Scarto the Fighter (level 13, -9/105 HPs)
             Began as a Demonspawn Fighter on May 20, 2016.
             Was an Elder of Qazlal.
             Mangled by an enormous slime creature (50 damage)
             ... on level 15 of the Dungeon.
             The game lasted 00:44:12 (16985 turns).

Scarto the Fighter (Demonspawn Fighter)            Turns: 16985, Time: 00:44:13

Health: -9/105     AC: 21    Str: 21    XL:     13   Next: 29%
Magic:  0/20       EV: 10    Int: 14    God:    Qazlal [****..]
Gold:   967        SH: 17    Dex: 19    Spells: 0 memorised, 12 levels left

rFire  + . .     SeeInvis +     h - +6 morningstar
rCold  . . .     Gourm    .     H - +0 plate armour
rNeg   + . .     Faith    .     f - +0 shield
rPois  .         Spirit   +     (helmet unavailable)
rElec  .         Dismiss  .     F - +2 cloak
rCorr  .         Reflect  .     o - +2 pair of gloves
SustAt .         Harm     .     t - +2 pair of boots
MR     .....     Clarity  +     u - amulet of guardian spirit
Stlth  ..........               c - +3 ring of intelligence
                                I - ring "Raireole" {rN+ Dex+5}

@: repel missiles, not resistant to hostile enchantments, extremely unstealthy
A: antennae 3, beak, repulsion field 3, agile 1, berserk 1, clarity, deformed
body, fire resistance 1, powered by death 1, shaggy fur 2, evolution 1, flame
cloud immunity, sturdy frame 1
a: Upheaval, Elemental Force, Renounce Religion


You were on level 15 of the Dungeon.
You worshipped Qazlal.
Qazlal was greatly pleased with you.
You were not hungry.

You visited 2 branches of the dungeon, and saw 16 of its levels.

You collected 967 gold pieces.

Inventory:

Hand Weapons
 h - a +6 morningstar (weapon)
 x - a +0 broad axe
Missiles
 d - 4 tomahawks of returning (quivered)
Armour
 f - a +0 shield (worn)
 o - a +2 pair of gloves (worn)
 t - a +2 pair of boots (worn)
 F - a +2 cloak (worn)
 H - a +0 plate armour (worn)
Jewellery
 c - a +3 ring of intelligence (right hand)
 u - an amulet of guardian spirit (around neck)
 I - the ring "Raireole" (left hand) {rN+ Dex+5}
   (You took it off a tengu warrior on level 13 of the Dungeon)

   [ring of positive energy]

   It affects your dexterity (+5).
   It protects you from negative energy.
Scrolls
 e - 2 scrolls of fog
 l - 6 scrolls of identify
 m - 2 scrolls of magic mapping
 n - a scroll of recharging
 q - 2 scrolls of enchant armour
 s - 2 scrolls of fear
 y - a scroll of summoning
 A - a scroll of remove curse
 C - a scroll of amnesia
Potions
 b - a potion of curing
 r - 2 potions of brilliance
 z - 4 potions of agility
 E - a potion of flight
 K - 3 potions of invisibility
Books
 B - a Young Poisoner's Handbook

   Spells                             Type                      Level
   a - Sting                          Conjuration/Poison           1
   b - Cure Poison                    Poison                       2
   c - Mephitic Cloud                 Conjuration/Poison/Air       3
   d - Olgreb's Toxic Radiance        Poison                       4
   e - Venom Bolt                     Conjuration/Poison           5
Comestibles
 g - 2 bread rations
 j - 7 meat rations
 k - 4 beef jerkies
 p - 10 fruits


   Skills:
 + Level 10.8 Fighting
 + Level 9.8(10.4) Axes
 + Level 5.6(8.4) Maces & Flails
 + Level 10.1 Armour
 + Level 10.1 Shields
 + Level 10.0 Invocations


You had 12 spell levels left.
You didn't know any spells.

Dungeon Overview and Level Annotations

Branches:
Dungeon (15/15)            Temple (1/1) D:4            Lair (0/8) D:8
    Orc (0/2) D:11         Vaults (0/5) D:13
 Depths: D:15

Altars:
Ashenzari
Cheibriados
Dithmenos
Elyvilon
Fedhas
Gozag
Kikubaaqudgha
Makhleb
Nemelex Xobeh
Okawaru
Pakellas
Qazlal
Ru
Sif Muna
Trog
Vehumet
Xom
Yredelemnul
Zin
The Shining One
Beogh

Annotations:
D:14 1 runed door, exclusion: orange crystal statue


Innate Abilities, Weirdness & Mutations

You have a pair of large antennae on your head (SInv).
You are surrounded by a strong repulsion field (EV +4, rMsl).
Your flesh is heat resistant.
You regenerate a little health from kills.
You are immune to clouds of flame.
You have a beak for a mouth.
You are agile. (Dex +2)
You tend to lose your temper in combat.
You possess an exceptional clarity of mind.
Armour fits poorly on your strangely shaped body.
You are covered in thick fur (AC +2).
You evolve.
Your movements are slightly less encumbered by armour (ER -2).


Message History

The very large slime creature is moderately wounded.
You hear a shout!
Two slime creatures merge to form an enormous slime creature.
An orc warrior comes into view. It is wielding a battleaxe.
You bludgeon the enormous slime creature!!
You peck the enormous slime creature.
The enormous slime creature is moderately wounded.
The enormous slime creature hits you but does no damage.
You sock the enormous slime creature!
The enormous slime creature is moderately wounded.
You feel less regenerative.
The enormous slime creature hits you!!!!
Ouch! That really hurt!
You hear a howl!
A slime creature comes into view.
Drink which item? (? for menu, Esc to quit)
It was a potion of beneficial mutation.
Your repulsive radiation grows stronger.
You feel fantastic! The enormous slime creature hits you!!!
You die...

{ ## { .. { #.
{ #. #.
###.########
#..oJ..J@..#
#....#o######.#
### ... #.#
##.# #.# #. #.#
#. #.# # ##.##
##...## #.###.#


You could see an enormous slime creature, a slime creature, an orc warrior and
an orc wizard.

Vanquished Creatures
  A vault guard (D:13)
  The ghost of M4edhros the Impaler, a journeyman FoFi of Yredelemnul (D:12)
  A hydra (D:14)
  A death knight (D:14)
  A tengu warrior (D:13)
  A skeletal warrior (D:14)
  2 unseen horrors
  3 hill giants
  6 ugly things
  4 cyclopes
  A griffon (D:13)
  A deep elf mage (D:14)
  An elephant (D:8)
  A manticore (D:13)
  A redback zombie (D:13)
  2 kobold demonologists (D:12)
  An efreet (D:13)
  2 komodo dragons (D:10)
  3 trolls
  A harpy skeleton (D:14)
  10 slime creatures
  Sigmund (D:5)
  A spriggan (D:7)
  4 shadows
  2 wyverns
  8 yaks
  4 wraiths
  A basilisk (D:13)
  Eustachio (D:6)
  3 hippogriffs
  A warg (D:11)
  A water moccasin (D:14)
  14 orc warriors
  5 ice beasts
  3 phantoms
  7 sky beasts
  2 black bears
  2 wasps
  An eye of draining (D:12)
  7 ogres
  2 crocodiles
  9 centaurs
  7 giant frogs
  4 big kobolds
  2 wyvern zombies (D:11)
  6 scorpions
  31 killer bees
  7 howler monkeys
  5 crimson imps
  6 centaur zombies
  4 quasits
  2 giant frog zombies
  10 orc priests
  A gnoll shaman (D:6)
  7 hounds
  6 jellies
  14 orc wizards
  3 centaur skeletons
  Crazy Yiuf (D:6)
  3 giant frog skeletons
  Jessica (D:3)
  Terence (D:2)
  3 iguanas
  10 worker ants
  A sheep (D:8)
  A hound skeleton (D:5)
  4 gnolls (D:6)
  8 adders
  A howler monkey skeleton (D:11)
  5 shadow imps
  An adder zombie (D:8)
  2 adder skeletons
  5 worms
  2 dart slugs
  3 giant geckos
  71 orcs
  4 bats
  5 giant cockroaches
  7 goblins
  5 hobgoblins
  21 jackals
  3 quokkas
  2 ball pythons
  A giant cockroach zombie (D:5)
  A giant gecko skeleton (D:5)
  6 giant newts
  A jackal skeleton (D:4)
  14 kobolds
  A quokka skeleton (D:7)
  A quokka zombie (D:9)
  6 rats
  A fungus (D:8)
441 creatures vanquished.

Vanquished Creatures (collateral kills)
  A slime creature (D:12)
  A centaur skeleton (D:12)
  An orc warrior (D:11)
  A killer bee (D:11)
  An orc (D:11)
5 creatures vanquished.

Grand Total: 446 creatures vanquished

Notes
Turn   | Place    | Note
--------------------------------------------------------------
     0 | D:1      | Scarto the Demonspawn Fighter began the quest for the Orb.
     0 | D:1      | Reached XP level 1. HP: 18/18 MP: 1/1
   195 | D:1      | Gained mutation: You have a pair of small antennae on your head. [demonic ancestry]
   195 | D:1      | Reached XP level 2. HP: 21/24 MP: 2/2
   602 | D:2      | Gained mutation: You have a pair of antennae on your head. [demonic ancestry]
   602 | D:2      | Reached XP level 3. HP: 26/29 MP: 3/3
   655 | D:2      | Noticed Terence
   663 | D:2      | Killed Terence
   812 | D:2      | Gained mutation: Your flesh is heat resistant. [demonic ancestry]
   812 | D:2      | Reached XP level 4. HP: 35/35 MP: 4/4
  1648 | D:3      | Noticed Jessica
  1658 | D:3      | Killed Jessica
  1715 | D:3      | Gained mutation: You are surrounded by a mild repulsion field (EV +2). [demonic ancestry]
  1715 | D:3      | Reached XP level 5. HP: 6/42 MP: 5/5
  2352 | D:4      | Noticed an ogre
  2366 | D:4      | Killed an ogre
  2366 | D:4      | Gained mutation: You are surrounded by a moderate repulsion field (EV +3). [demonic ancestry]
  2366 | D:4      | Reached XP level 6. HP: 14/48 MP: 6/6
  2719 | D:4      | Found a staircase to the Ecumenical Temple.
  3241 | Temple   | Entered the Ecumenical Temple
  3330 | Temple   | Became a worshipper of Qazlal Stormbringer
  3903 | D:5      | Entered Level 5 of the Dungeon
  3998 | D:5      | Noticed Sigmund
  4019 | D:5      | Killed Sigmund
  4019 | D:5      | Gained mutation: You have a pair of large antennae on your head (SInv). [demonic ancestry]
  4019 | D:5      | Reached XP level 7. HP: 44/55 MP: 7/7
  4092 | D:5      | Reached skill level 5 in Fighting
  4346 | D:5      | Found a white marble altar of Elyvilon.
  4394 | D:5      | Reached skill level 5 in Armour
  4526 | D:6      | Reached skill level 5 in Shields
  4526 | D:6      | Reached XP level 8. HP: 44/63 MP: 6/8
  4638 | D:6      | Reached * piety under Qazlal
  4726 | D:6      | Noticed Crazy Yiuf
  4738 | D:6      | Paralysed by Crazy Yiuf for 3 turns
  4745 | D:6      | Killed Crazy Yiuf
  4792 | D:6      | Noticed Eustachio
  4804 | D:6      | Killed Eustachio
  5116 | D:6      | Reached skill level 5 in Axes
  5698 | D:7      | Reached XP level 9. HP: 65/71 MP: 9/9
  5991 | D:7      | Gained mutation: You tend to lose your temper in combat. [mutagenic meat]
  5992 | D:7      | Gained mutation: You possess an exceptional clarity of mind. [mutagenic meat]
  5993 | D:7      | Gained mutation: Your muscles are strong. (Str +2) [mutagenic meat]
  5994 | D:7      | Lost mutation: You possess an exceptional clarity of mind. [mutagenic meat]
  5995 | D:7      | Gained mutation: You evolve. [mutagenic meat]
  6010 | D:7      | Reached ** piety under Qazlal
  6430 | D:7      | Gained mutation: You are resistant to hostile enchantments. [evolution]
  7021 | D:8      | Noticed an elephant
  7047 | D:8      | Noticed a death yak
  7495 | D:8      | Killed an elephant
  7495 | D:8      | Reached skill level 1 in Invocations
  7495 | D:8      | Gained mutation: You are immune to clouds of flame. [demonic ancestry]
  7495 | D:8      | Reached XP level 10. HP: 60/79 MP: 6/11
  7528 | D:8      | Found a staircase to the Lair.
  7635 | D:8      | Lost mutation: Your muscles are strong. (Str +2) [mutagenic meat]
  7637 | D:8      | Gained mutation: Your magical capacity is low (-10% MP). [mutagenic meat]
  7638 | D:8      | Gained mutation: Your magical capacity is very low (-20% MP). [mutagenic meat]
  7640 | D:8      | Lost mutation: Your magical capacity is very low (-20% MP). [mutagenic meat]
  7641 | D:8      | Gained mutation: Your muscles are strong. (Str +2) [mutagenic meat]
  7642 | D:8      | Gained mutation: You are agile. (Dex +2) [mutagenic meat]
  7719 | D:8      | Found a glowing silver altar of Zin.
  7725 | D:8      | Found a blossoming altar of Fedhas.
  8048 | D:9      | Gained mutation: You are covered in fur (AC +1). [potion of mutation]
  8048 | D:9      | Lost mutation: You are resistant to hostile enchantments. [potion of mutation]
  8185 | D:9      | Gained mutation: You possess an exceptional clarity of mind. [mutagenic meat]
  8234 | D:9      | Noticed a purple ugly thing
  8256 | D:9      | Killed a purple ugly thing
  8275 | D:9      | Gained mutation: You have a beak for a mouth. [mutagenic meat]
  8448 | D:9      | Reached *** piety under Qazlal
  8631 | D:10     | Entered Level 10 of the Dungeon
  9002 | D:10     | Noticed a hill giant
  9021 | D:10     | Killed a hill giant
  9021 | D:10     | Reached skill level 5 in Invocations
  9359 | D:10     | Reached XP level 11. HP: 65/87 MP: 11/13
  9537 | D:11     | Reached skill level 1 in Maces & Flails
  9552 | D:11     | Reached **** piety under Qazlal
  9754 | D:11     | Noticed a hill giant
  9840 | D:11     | Lost mutation: Your magical capacity is low (-10% MP). [evolution]
 10353 | D:11     | Killed a hill giant
 10561 | D:11     | Noticed a green ugly thing
 10573 | D:11     | Killed a green ugly thing
 10575 | D:11     | Noticed a green ugly thing
 10582 | D:11     | Killed a green ugly thing
 10894 | D:11     | Noticed a brown ugly thing
 10903 | D:11     | Killed a brown ugly thing
 10918 | D:11     | Found a staircase to the Orcish Mines.
 11491 | D:12     | Lost mutation: Your muscles are strong. (Str +2) [potion of mutation]
 11491 | D:12     | Gained mutation: Armour fits poorly on your strangely shaped body. [potion of mutation]
 11583 | D:12     | Noticed a hill giant
 11588 | D:12     | Killed a hill giant
 11732 | D:12     | Noticed M4edhros's ghost (journeyman FoFi)
 12639 | D:12     | Gained mutation: You regenerate a little health from kills. [demonic ancestry]
 12639 | D:12     | Reached XP level 12. HP: 92/96 MP: 17/17
 12748 | D:12     | Found a roughly hewn altar of Beogh.
 13614 | D:12     | Killed M4edhros's ghost
 14061 | D:12     | Reached skill level 10 in Fighting
 14594 | D:13     | Gained mutation: Your movements are slightly less encumbered by armour (ER -2). [mutagenic meat]
 14597 | D:13     | Gained mutation: You are covered in thick fur (AC +2). [mutagenic meat]
 15100 | D:13     | Noticed a tengu warrior
 15105 | D:13     | Noticed a vault guard
 15147 | D:13     | Killed a tengu warrior
 15147 | D:13     | Reached skill level 5 in Maces & Flails
 15164 | D:13     | Killed a vault guard
 15382 | D:13     | Got a flickering pewter ring
 15386 | D:13     | Found a gate to the Vaults.
 15550 | D:13     | Found an opulent altar of Gozag.
 15556 | D:13     | Reached XP level 13. HP: 98/104 MP: 17/20
 16222 | D:13     | Identified the ring "Raireole" {rN+ Dex+5} (You took it off a tengu warrior on level 13 of the Dungeon)
 16294 | D:14     | Found a runed door.
 16393 | D:14     | Reached skill level 10 in Shields
 16424 | D:14     | Reached skill level 10 in Armour
 16839 | D:14     | Reached skill level 10 in Invocations
 16855 | D:14     | Noticed a crystal guardian
 16856 | D:14     | Noticed a crystal guardian
 16901 | D:15     | Entered Level 15 of the Dungeon
 16985 | D:15     | Gained mutation: You are surrounded by a strong repulsion field (EV +4, rMsl). [potion of beneficial mutation]
 16985 | D:15     | Mangled by an enormous slime creature

Skill      XL: |  1  2  3  4  5  6  7  8  9 10 11 12 13 |
---------------+----------------------------------------+-----
Axes           | 2 3 4 5 6 7 8 9 |  9.8
Armour         | 3 4 5 6 7 8 9 10 | 10.1
Shields        | 3 4 5 6 7 8 9 10 | 10.1
Fighting       | 4 5 6 7 8 9 10 | 10.8
Invocations    | 1 5 7 9 10 | 10.0
Maces & Flails | 3 5 |  5.6

Action                   |  1- 3 |  4- 6 |  7- 9 | 10-12 | 13-15 || total
-------------------------+-------+-------+-------+-------+-------++-------
Melee: War axe           |   101 |   298 |   547 |   279 |       ||  1225
       Peck              |       |       |       |   214 |    60 ||   274
       Flail             |       |       |       |   156 |       ||   156
       Morningstar       |       |       |       |   630 |   179 ||   809
Invok: Upheaval          |       |       |     2 |     7 |     2 ||    11
       Elemental Force   |       |       |       |     6 |       ||     6
  Use: Scroll            |       |     9 |     8 |    11 |     2 ||    30
       Potion            |       |       |     6 |    20 |     2 ||    28
  Eat: Bread ration      |       |     3 |     3 |     4 |     2 ||    12
       Chunk             |       |       |     9 |    23 |       ||    32
       Pizza             |       |       |       |     3 |       ||     3
Armor: Scale mail        |    55 |    58 |       |       |       ||   113
       Chain mail        |       |   109 |       |       |       ||   109
       Plate armour      |       |     2 |   277 |   545 |    75 ||   899
       Skin              |       |       |    47 |       |       ||    47
Dodge: Dodged            |    36 |    95 |   182 |   306 |    49 ||   668
       Deflected         |       |       |       |     5 |       ||     5
Block: Shield            |    61 |   167 |   408 |   951 |   124 ||  1711
